 Dungeon Crawl Stone Soup version 0.20.1-1-g8b1a95d (webtiles) character file.

57 Gargoyl the Skirmisher (level 3, -1/33 HPs)
             Began as a Minotaur Abyssal Knight on Aug 11, 2017.
             Was a Follower of Lugonu.
             Slain by a gnoll
             ... wielding a +0 spear
              (3 damage)
             ... on level 2 of the Dungeon.
             The game lasted 00:02:06 (1026 turns).

Gargoyl the Skirmisher (Minotaur Abyssal Knight)    Turns: 1026, Time: 00:02:06

Health: -1/33      AC:  8    Str: 16    XL:     3   Next: 73%
Magic:  3/3        EV:  9    Int:  9    God:    Lugonu [*.....]
Gold:   99         SH:  0    Dex: 10    Spells: 2/2 levels left

rFire    . . .     SeeInvis .   a - +2 hand axe
rCold    . . .     Gourm    .   (no shield)
rNeg     . . .     Faith    .   l - +0 scale mail
rPois    .         Spirit   .   (helmet restricted)
rElec    .         Reflect  .   (no cloak)
rCorr    .         Harm     .   e - +0 pair of gloves
MR       .....                  (no boots)
Stlth    ..........             (no amulet)
Regen    0.2/turn               (no ring)
MPRegen  0.1/turn               (no ring)

@: no status effects
A: retaliatory headbutt, horns 2
a: Depart the Abyss, Renounce Religion


You were on level 2 of the Dungeon.
You worshipped Lugonu.
Lugonu was aware of your devotion.
You were not hungry.

You visited 1 branch of the dungeon, and saw 2 of its levels.
You visited the Abyss 1 time.

You collected 99 gold pieces.

Inventory:

Hand Weapons
 a - a +2 hand axe (weapon)
Armour
 e - a +0 pair of gloves (worn)
 l - a +0 scale mail (worn)
Jewellery
 h - an uncursed ring of see invisible {unknown}
Scrolls
 g - 2 scrolls of teleportation
Potions
 d - a potion of flight {unknown}
 k - a potion of curing {unknown}
 m - a potion of ambrosia {unknown}
Comestibles
 c - a bread ration
 f - a royal jelly
 j - a fruit


   Skills:
 + Level 4.2 Fighting
 + Level 3.1 Axes
 * Level 3.3 Armour
 + Level 1.4 Dodging
 * Level 2.3 Invocations


You had 2 spell levels left.
You didn't know any spells.

Dungeon Overview and Level Annotations

Branches:
Dungeon (2/15)

Altars:


Innate Abilities, Weirdness & Mutations

You reflexively headbutt those who attack you in melee.
You have a pair of horns on your head.


Message History

The gnoll hits you but does no damage.
The gnoll hits you from afar with a spear!
* * * LOW HITPOINT WARNING * * *
The gnoll closely misses you. You furiously retaliate!
You headbutt the gnoll!
Things that are here:
a flail; a gnoll corpse You hit the gnoll but do no damage.
The gnoll is severely wounded.
The gnoll hits you but does no damage. x2
You barely miss the gnoll.
The gnoll is severely wounded.
The gnoll closely misses you. x2
Your scale mail prevents you from hitting the gnoll.
The gnoll is severely wounded.
The gnoll barely misses you. The gnoll hits you with a spear.
* * * LOW HITPOINT WARNING * * *
Unknown command.
The gnoll shouts!
The gnoll hits you from afar with a spear.
You die...

##.#....##
#.#
#........#
#.#
#........#
#.#
#........#
#.#
####...###
#.#
######.#####
#)#
............#
#.#
#######.###.#
#.#### #.#
#@# #....#
#.# #)#
####.# #.#
#g# ###.# #.#
#g# #...#
#......#
.######.#####
######
#..####g
.............
...... .. ..
...####.##...
###### ...
..#.##.##
....
#.#.##.##


You could see 3 gnolls.

Vanquished Creatures
  A gnoll (D:2)
  3 adders
  A leopard gecko (D:1)
  A giant cockroach (D:1)
  2 goblins
  A hobgoblin (D:2)
  3 jackals (D:1)
  A ball python (D:2)
  A bat (D:2)
  4 frilled lizards
  A kobold (D:1)
  5 rats (D:1)
24 creatures vanquished.

Notes
Turn   | Place    | Note
-------+----------+-------------------------------------------
     0 | Abyss:1  | Gargoyl the Minotaur Abyssal Knight began the quest for the Orb.
     0 | Abyss:1  | Reached XP level 1. HP: 19/19 MP: 1/1
    79 | Abyss:1  | Noticed a wizard
    93 | Abyss:1  | Noticed a fire giant zombie
   114 | D:1      | Escaped the Abyss
   415 | D:1      | Reached XP level 2. HP: 24/27 MP: 2/2
   567 | D:1      | Reached * piety under Lugonu
   649 | D:1      | Reached skill level 4 in Fighting
   949 | D:2      | Reached XP level 3. HP: 32/33 MP: 3/3
  1026 | D:2      | Slain by a gnoll

Skill      XL: |  1  2  3 |
---------------+----------+-----
Invocations    | 2 |  2.3
Fighting       | 4 |  4.2
Armour         | 3 |  3.3
Axes           | 3 |  3.1
Dodging        | |  1.4

Action                   || total
-------------------------++-------
Melee: Hand axe          ||    60
       Headbutt          ||     2
Invok: Depart the Abyss  ||     1
  Use: Scroll            ||     5
Armor: Leather armour    ||     5
       Scale mail        ||    34
Dodge: Dodged            ||    42
